 Dungeon Crawl Stone Soup version 0.19.0-2-gae57169 (console) character file.

2994 Kloppie the Fighter (level 9, -5/75 HPs)
             Began as a Demonspawn Berserker on Nov 6, 2016.
             Was a High Priest of Trog.
             Slain by a wraith (6 damage)
             ... on level 8 of the Dungeon.
             The game lasted 00:10:29 (6456 turns).

Kloppie the Fighter (Demonspawn Berserker)          Turns: 6456, Time: 00:10:30

Health: -5/75      AC: 13    Str: 18    XL:     9   Next: 54%
Magic:  9/9        EV: 17    Int:  8    God:    Trog [*****.]
Gold:   90         SH:  0    Dex: 21    Spells: 0 memorised, 8 levels left

rFire  . . .     SeeInvis .     a - +0 falchion
rCold  + . .     Gourm    .     x - +1 ring mail of Sunlight {+Fly rElec} (curse)
rNeg   . . .     Faith    +     (no shield)
rPois  .         Spirit   .     (helmet unavailable)
rElec  +         Reflect  .     e - +0 cloak
rCorr  .         Harm     .     (no gloves)
MR     .....                    (no boots)
Stlth  ++........               i - amulet of faith
                                B - +3 ring of protection
                                l - ring of protection from cold

@: agile, about to teleport, slowed, very slow
A: horns 3, iridescent scales 1, rot immunity
a: Berserk, Trog's Hand, Brothers in Arms, Burn Spellbooks, Renounce Religion,
Evoke Flight


You were on level 8 of the Dungeon.
You worshipped Trog.
Trog was extremely pleased with you.
You were not hungry.

You visited 1 branch of the dungeon, and saw 8 of its levels.

You collected 391 gold pieces.
You spent 301 gold pieces at shops.

Inventory:

Hand Weapons
 a - a +0 falchion (weapon)
 b - a +0 scimitar
Armour
 e - a +0 cloak (worn)
 x - the cursed +1 ring mail of Sunlight (worn) {+Fly rElec}
   (You found it on level 5 of the Dungeon)

   It insulates you from electricity.
   It lets you fly.
   It has a curse placed upon it.
Jewellery
 i - an amulet of faith (around neck)
 l - a ring of protection from cold (left hand)
 m - an uncursed ring of protection from cold
 y - an uncursed ring of resist corrosion
 z - an uncursed ring of see invisible
 B - a +3 ring of protection (right hand)
Wands
 v - a wand of lightning (8/15)
Scrolls
 d - a scroll of teleportation
 j - 2 scrolls of fog
 k - a scroll of noise
 t - a scroll of magic mapping
 D - a scroll of remove curse
Potions
 g - a potion of cure mutation
 h - a potion of agility
 n - 2 potions of ambrosia
 o - a potion of degeneration
 p - a potion of resistance
 q - a potion of cancellation
 r - a potion of heal wounds {unknown}
 s - 2 potions of mutation {unknown}
 u - a potion of magic {unknown}
 A - 2 potions of berserk rage {unknown}
 E - a potion of invisibility {unknown}
Books
 F - a book of Necromancy

   Spells                             Type                      Level
   a - Pain                           Necromancy                   1
   b - Animate Skeleton               Necromancy                   1
   c - Vampiric Draining              Necromancy                   3
   d - Regeneration                   Charms/Necromancy            3
   e - Animate Dead                   Necromancy                   4
   f - Control Undead                 Necromancy                   4
   Trog disapproves of the use of such an item.
Comestibles
 c - 4 bread rations
 f - a beef jerky
 C - 9 chunks of flesh
 G - a slice of pizza


   Skills:
 + Level 8.4 Fighting
 + Level 7.6 Long Blades
 + Level 7.1 Armour
 - Level 1.7 Dodging


You had 8 spell levels left.
You didn't know any spells.

Dungeon Overview and Level Annotations

Branches:
Dungeon (8/15)             Temple (0/1) D:4
   Lair: D:8-11

Altars:
Cheibriados
Sif Muna
Uskayaw

Shops:
D:6 ?=


Innate Abilities, Weirdness & Mutations

You have a pair of large horns on your head.
You are partially covered in iridescent scales. (AC +2)
You are immune to rotting.


Message History

You hear the faint creaking of a distant portcullis.
The four-headed hydra bites you but does no damage.
The four-headed hydra closely misses you.
The four-headed hydra bites you.
* * * LOW HITPOINT WARNING * * *
The four-headed hydra bites you.
* * * LOW HITPOINT WARNING * * *
Okay, then.
As you read the scroll of teleportation, it crumbles to dust.
You feel strangely unstable. The wraith closely misses you.
You riposte.
You hit the wraith but do no damage.
You headbutt the wraith, but do no damage.
The four-headed hydra bites you but does no damage.
The four-headed hydra bites you.
* * * LOW HITPOINT WARNING * * *
The four-headed hydra closely misses you.
The four-headed hydra bites you.
* * * LOW HITPOINT WARNING * * *
The wraith hits you.
You die...

#.#####..#.#
#..........#
###....#...#
#.#####.## #
#.#
#.###########
#.....#......
####......#
#@.....#
#DW....# >
#.....## ..
#)....#
...##.....##
.......%...#
...##......#
## #......#
#.....##


You could see a four-headed hydra and a wraith.

Vanquished Creatures
  Pikel (D:5)
  Grinder (D:4)
  Prince Ribbit (D:6)
  Edmund (D:4)
  2 water moccasins
  A sky beast (D:6)
  A slave (D:5)
  A phantom (D:7)
  2 ogres
  A centaur (D:7)
  Blork the orc (D:5)
  2 bullfrogs
  A wyvern zombie (D:7)
  A scorpion (D:5)
  3 killer bees (D:6)
  2 crimson imps
  A jelly (D:6)
  A bullfrog zombie (D:5)
  A quasit (D:7)
  4 hounds
  2 orc priests (D:7)
  3 orc wizards
  An iguana (D:4)
  Natasha (twice) (D:3)
  8 worker ants
  A hound zombie (D:7)
  A hound skeleton (D:6)
  3 gnolls (D:6)
  6 adders
  2 shadow imps
  2 oozes (D:1)
  An adder zombie (D:7)
  2 adder skeletons
  A worm (D:5)
  A dart slug (D:1)
  4 leopard geckos
  24 orcs
  11 bats
  3 giant cockroaches
  7 goblins
  8 hobgoblins
  11 jackals
  8 kobolds
  3 quokkas
  2 ball pythons
  3 frilled lizards
  A leopard gecko skeleton (D:5)
  A leopard gecko zombie (D:5)
  6 rats
157 creatures vanquished.

Notes
Turn   | Place    | Note
-------+----------+-------------------------------------------
     0 | D:1      | Kloppie the Demonspawn Berserker began the quest for the Orb.
     0 | D:1      | Reached XP level 1. HP: 18/18 MP: 1/1
   162 | D:1      | Gained mutation: You are immune to rotting. [demonic ancestry]
   162 | D:1      | Reached XP level 2. HP: 22/24 MP: 2/2
   430 | D:1      | Reached ** piety under Trog
   521 | D:1      | Reached XP level 3. HP: 30/30 MP: 3/3
   983 | D:2      | Found a hide-covered altar of Uskayaw.
  1001 | D:2      | Reached skill level 4 in Fighting
  1257 | D:2      | Found a deep blue altar of Sif Muna.
  1478 | D:2      | Gained mutation: You have a pair of small horns on your head. [demonic ancestry]
  1478 | D:2      | Reached XP level 4. HP: 29/37 MP: 4/4
  2125 | D:3      | Noticed Natasha
  2134 | D:3      | Killed Natasha
  2134 | D:3      | Reached XP level 5. HP: 19/43 MP: 5/5
  2743 | D:3      | Noticed Natasha
  2749 | D:3      | Killed Natasha
  2775 | D:4      | Reached *** piety under Trog
  2831 | D:4      | Noticed Grinder
  2848 | D:4      | Killed Grinder
  2848 | D:4      | Reached skill level 5 in Fighting
  2848 | D:4      | Gained mutation: You have a pair of horns on your head. [demonic ancestry]
  2848 | D:4      | Reached XP level 6. HP: 21/51 MP: 6/6
  3171 | D:4      | Found a staircase to the Ecumenical Temple.
  3181 | D:4      | Noticed Edmund
  3199 | D:4      | Killed Edmund
  3199 | D:4      | Gained mutation: You are partially covered in iridescent scales. (AC +2) [demonic ancestry]
  3199 | D:4      | Reached XP level 7. HP: 48/57 MP: 7/7
  3481 | D:4      | Reached skill level 5 in Long Blades
  3803 | D:4      | Reached skill level 6 in Fighting
  3872 | D:5      | Entered Level 5 of the Dungeon
  3891 | D:5      | Found a snail-covered altar of Cheibriados.
  4164 | D:5      | Noticed Blork the orc
  4176 | D:5      | Killed Blork the orc
  4399 | D:5      | Noticed Pikel
  4411 | D:5      | Killed Pikel
  4411 | D:5      | Reached skill level 7 in Fighting
  4411 | D:5      | Reached skill level 5 in Armour
  4411 | D:5      | Reached XP level 8. HP: 67/67 MP: 8/8
  4447 | D:5      | Got a smoking ring mail
  4957 | D:6      | Reached **** piety under Trog
  4979 | D:6      | Noticed Prince Ribbit
  4986 | D:6      | Killed Prince Ribbit
  5088 | D:6      | Found Searuz's Jewellery Boutique.
  5096 | D:6      | Bought a +3 ring of protection for 252 gold pieces
  5293 | D:6      | Gained mutation: You have a pair of large horns on your head. [demonic ancestry]
  5293 | D:6      | Reached XP level 9. HP: 69/72 MP: 9/9
  5322 | D:6      | Identified the cursed +1 ring mail of Sunlight {+Fly rElec} (You found it on level 5 of the Dungeon)
  5609 | D:6      | Found Wucaoseo's Magic Scroll Boutique.
  5615 | D:6      | Bought a scroll of magic mapping for 49 gold pieces
  5741 | D:7      | Reached skill level 8 in Fighting
  6336 | D:7      | Reached ***** piety under Trog
  6442 | D:8      | Noticed a four-headed hydra
  6455 | D:8      | HP: 3/75 [four-headed hydra (3)]
  6456 | D:8      | HP: 1/75 [four-headed hydra (1)]
  6456 | D:8      | Slain by a wraith

Skill      XL: |  1  2  3  4  5  6  7  8  9 |
---------------+----------------------------+-----
Long Blades    | 3 4 6 7 |  7.6
Fighting       | 4 5 7 8 |  8.4
Armour         | 2 3 5 6 7 |  7.1
Dodging        | |  1.7

Action                   |  1- 3 |  4- 6 |  7- 9 || total
-------------------------+-------+-------+-------++-------
Melee: Falchion          |   187 |    87 |   348 ||   622
       Headbutt          |       |    19 |    90 ||   109
       Unarmed           |       |     4 |       ||     4
Invok: Berserk           |       |     3 |     5 ||     8
       Trog's Hand       |       |     1 |       ||     1
  Use: Scroll            |       |       |    16 ||    16
       Potion            |       |       |     1 ||     1
  Eat: Chunk             |     2 |     6 |    15 ||    23
       Beef jerky        |       |     1 |       ||     1
       Royal jelly       |       |       |     1 ||     1
Armor: Chain mail        |   137 |    37 |   102 ||   276
       Animal skin       |     2 |       |       ||     2
       Ring mail         |       |       |    95 ||    95
Dodge: Dodged            |    77 |    34 |   154 ||   265
       Rpst.: Falchion   |    24 |    11 |    40 ||    75
